 Dungeon Crawl Stone Soup version 0.30.1-9-gdf580d7c3d (webtiles) character file.

Game seed: 13313563771383316767

875 Anriel the Chucker (level 8, 0/58 HPs)
             Began as a Human Fighter on Oct 4, 2023.
             Was an Initiate of Gozag.
             Slain by a gnoll sergeant
             ... wielding a +5 spear of flaming
              (16 damage)
             ... on level 5 of the Dungeon.
             The game lasted 00:23:24 (4096 turns).

Anriel the Chucker (Human Fighter)                  Turns: 4096, Time: 00:23:24

Health: 0/58       AC: 18    Str: 17    XL:     8   Next: 24%
Magic:  8/8        EV:  5    Int:  9    God:    Gozag
Gold:   289        SH: 12    Dex: 14    Spells: 7/7 levels left

rFire   . . .        a - +1 long sword (chaos)
rCold   . . .        k - +0 tower shield
rNeg    . . .        m - +0 chain mail
rPois   .            x - +2 hat
rElec   .            (no cloak)
rCorr   .            o - +2 pair of gloves
SInv    .            (no boots)
Will    .....        (no amulet) Stlth
                     l - +4 ring of protection
HPRegen 0.29/turn    (no ring)
MPRegen 0.11/turn

%: no passive effects
@: hasted, very quick
A: no striking features
a: Renounce Religion, Potion Petition, Call Merchant, Bribe Branch


You were on level 5 of the Dungeon.
You worshipped Gozag.
Gozag was aware of your devotion.
You visited 2 branches of the dungeon, and saw 6 of its levels.

You collected 366 gold pieces.
You paid 77 gold pieces to Gozag.

Inventory:

Hand Weapons
 a - a +1 long sword of chaos (weapon)
 b - the +7 flail "Coxaxkopn" {flame, rC+}
   (You found it on level 3 of the Dungeon)

   rC:        It protects you from cold.
Missiles
 e - 5 javelins
 j - 2 throwing nets
 v - 4 boomerangs (quivered)
Armour
 c - a +1 buckler
 k - a +0 tower shield (worn)
 m - a +0 chain mail (worn)
 o - a +2 pair of gloves (worn)
 x - a +2 hat (worn)
Jewellery
 g - an amulet of magic regeneration
 l - a +4 ring of protection (left hand)
Wands
 p - a wand of quicksilver (8)
Scrolls
 h - 2 scrolls of identify
 t - a scroll of teleportation
Potions
 d - 3 potions of might
 i - a potion of haste
 n - a potion of brilliance


   Skills:
 - Level 3.0 Fighting
 - Level 4.2 Long Blades
 - Level 5.0 Throwing
 + Level 3.3 Armour
 - Level 5.0 Dodging
 + Level 3.3 Shields
 * Level 1.8 Evocations


You had 7 spell levels left.
You didn't know any spells.
Your spell library contained the following spells:

 Spells                   Type           Power      Damage    Failure   Level
 Ensorcelled Hibernation  Hex/Ice        0%         N/A       100%        2
 Scorch                   Fire           0%         2d5       100%        2
 Ignite Poison            Fire/Tmut/Pois 0%         N/A       100%        3
 Inner Flame              Hex/Fire       0%         N/A       100%        3
 Flame Wave               Conj/Fire      0%         2d4       100%        4
 Olgreb's Toxic Radiance  Pois           0%         N/A       100%        4
 Sticky Flame             Conj/Fire      0%         2d3       100%        4
 Summon Cactus Giant      Summ           0%         N/A       100%        6
 Ignition                 Fire           0%         3d3       100%        8
 Polar Vortex             Ice            0%         N/A       100%        9


Dungeon Overview and Level Annotations

Branches:
Dungeon (5/15)             Temple (1/1) D:5

Altars:
Gozag
Makhleb
Uskayaw
Wu Jian
Xom
Lugonu

Portals:
Abyss: Temple


Message History

The gnoll attacks as you move away! You block the gnoll's attack.
The gnoll sergeant blocks your attack.
You block the gnoll sergeant's attack. x2
The gnoll sergeant blocks your attack. You block the gnoll sergeant's attack.
You barely miss the gnoll sergeant. You block the gnoll sergeant's attack.
The gnoll is distracted by your dazzling golden aura.
The gnoll sergeant hits you with a +5 spear of flaming.
The gnoll sergeant burns you.
The gnoll shouts!
You hit the gnoll sergeant.
The gnoll sergeant is lightly wounded.
The gnoll sergeant hits you with a +5 spear of flaming.
The gnoll sergeant burns you.
You closely miss the gnoll sergeant.
The gnoll sergeant is lightly wounded.
The gnoll sergeant hits you with a +5 spear of flaming.
The gnoll sergeant burns you. You block the gnoll sergeant's attack.
You hit the gnoll sergeant but do no damage.
The gnoll sergeant goes berserk!
The gnoll sergeant is lightly wounded.
The gnoll sergeant hits you but does no damage.
The gnoll sergeant hits you with a +5 spear of flaming!
The gnoll sergeant burns you.
You hit the gnoll sergeant.
The gnoll sergeant is moderately wounded.
The gnoll is no longer distracted by gold.
The gnoll sergeant hits you with a +5 spear of flaming!
* * * LOW HITPOINT WARNING * * *
The gnoll sergeant burns you.
* * * LOW HITPOINT WARNING * * *
The gnoll sergeant hits you but does no damage. x2
Okay, then.
Okay, then.
Okay, then.
You feel yourself speed up. The gnoll sergeant barely misses you.
You block the gnoll sergeant's attack.
The gnoll sergeant rages.
You see here a +0 scale mail.
The gnoll sergeant hits you from afar with a +5 spear of flaming!
You die...
Your body crumbles into a pile of gold.

#....................#
#..............#######
##............#.#
#.....#####'#.#.##
#######.....#####......#
#.................#.#.##
#.#####.....#<....g...#
......#.....####..#.#.#
......#.....# #@.#.###
......#.....##....#.#
......##..........#.#
......##...######.#.#
......##...# #.#.#
......# ...# #.###
......# ..# ......# ##
......#


You could see a gnoll sergeant (berserk).

Vanquished Creatures
  A phantom (D:4)
  4 scorpions (D:5)
  A howler monkey (D:5)
  A crimson imp (D:3)
  2 jellies (D:4)
  A gnoll bouda (D:5)
  3 iguanas (D:5)
  2 sleepcaps (D:5)
  6 gnolls
  9 adders
  An ufetubus (D:5)
  A worm (D:5)
  4 dart slugs
  14 orcs
  3 ball pythons
  2 bats
  6 endoplasms
  A giant cockroach (D:3)
  5 hobgoblins
  9 kobolds
  6 quokkas
  4 frilled lizards (D:1)
  6 goblins
  21 rats
113 creatures vanquished.

Notes
Turn   | Place    | Note
-------+----------+-------------------------------------------
     0 | D:1      | Anriel the Human Fighter began the quest for the Orb.
     0 | D:1      | Reached XP level 1. HP: 18/18 MP: 1/1
    69 | D:1      | Reached XP level 2. HP: 24/24 MP: 2/2
   114 | D:1      | Reached skill level 1 in Throwing
   114 | D:1      | Reached skill level 1 in Dodging
   290 | D:1      | Reached XP level 3. HP: 19/29 MP: 3/3
   405 | D:1      | Found a faded altar of an unknown god.
  1125 | D:2      | Reached XP level 4. HP: 35/35 MP: 4/4
  1346 | D:3      | Identified the +7 flail "Coxaxkopn" {flame, rC+}
  1511 | D:3      | Found an ornate altar of the Wu Jian Council.
  1611 | D:3      | Reached XP level 5. HP: 41/41 MP: 5/5
  1950 | D:3      | Found a shimmering altar of Xom.
  1951 | D:3      | Found a burning altar of Makhleb.
  2160 | D:4      | Found a hide-covered altar of Uskayaw.
  2172 | D:4      | Got the Omnibus of Sickening Cold
  2223 | D:4      | Found an opulent altar of Gozag.
  2441 | D:4      | Reached XP level 6. HP: 47/47 MP: 6/6
  3137 | D:5      | Entered Level 5 of the Dungeon
  3367 | D:5      | Found a staircase to the Ecumenical Temple.
  3381 | Temple   | Entered the Ecumenical Temple
  3423 | Temple   | Found a one-way gate to the infinite horrors of the Abyss.
  3564 | D:4      | Became a worshipper of Gozag Ym Sagoz the Greedy
  3654 | D:5      | Reached XP level 7. HP: 31/52 MP: 7/7
  3955 | D:5      | Reached skill level 5 in Throwing
  3955 | D:5      | Reached skill level 5 in Dodging
  3955 | D:5      | Reached XP level 8. HP: 58/58 MP: 8/8
  3978 | D:5      | Reached skill level 1 in Evocations
  4096 | D:5      | Slain by a gnoll sergeant

Illustrated notes

Levels and vault maps discovered:
D:1:      psy_arrival_basics, layout_rooms,
          hellmonk_ecumenical_altar_heavens_door, lexackson_kobold_supper
D:2:      layout_loops_cross, minmay_misc_feat_nine_boxes, minmay_cut_off
D:3:      layout_loops_ring, grunt_temple_overflow_champion_of_chaos,
          nicolae_wu_jian_immortal_techniques, minmay_rat_hole
D:4:      layout_loops_corners, lemuel_tele_altar, lemuel_crystal_altar,
          chequers_serial_rivers_large_b
D:5:      minmay_chambers_of_threes, layout_basic, temple_pool_b, serial_shops,
          nicolae_shop_back_alley_shop
Temple:   nicolae_temple_total_abyssal_victory

Skill      XL: |  1  2  3  4  5  6  7  8 |
---------------+-------------------------+-----
Throwing       | 1 2 3 4 5 |  5.0
Dodging        | 1 2 3 4 5 |  5.0
Long Blades    | 3 4 |  4.2
Evocations     | 1 |  1.8
Fighting       | |  3.0
Armour         | |  3.3
Shields        | |  3.3

Action                     |  1- 3 |  4- 6 |  7- 9 || total
---------------------------+-------+-------+-------++-------
  Melee: Long sword        |    95 |   235 |    90 ||   420
  Throw: Javelin           |       |     8 |       ||     8
         Boomerang         |       |     2 |    22 ||    24
  Evoke: Wand              |       |     2 |       ||     2
    Use: Scroll            |     1 |    12 |       ||    13
         Potion            |       |     3 |     2 ||     5
 Armour: Scale mail        |    35 |       |       ||    35
         Chain mail        |     3 |   147 |    43 ||   193
         Skin              |       |     6 |       ||     6
  Dodge: Dodged            |    26 |    36 |    25 ||    87
  Block: Buckler           |    12 |       |       ||    12
         Tower shield      |    15 |   184 |    59 ||   258
